 Dungeon Crawl Stone Soup version 0.30-a0-913-g9934a0c (webtiles) character file.

Game seed: 7866539228854184338

6355 Nithhogg the Cleaver (level 10, -1/91 HPs)
             Began as a Hill Orc Fighter on Mar 19, 2023.
             Was a Priest of the Shining One.
             Slain by an elephant (13 damage)
             ... on level 1 of the Lair of Beasts.
             The game lasted 00:17:12 (9342 turns).

Nithhogg the Cleaver (Hill Orc Fighter)             Turns: 9342, Time: 00:17:12

Health: -1/91      AC: 17    Str: 24    XL:     10   Next: 96%
Magic:  17/17      EV:  7    Int:  5    God:    the Shining One [***...]
Gold:   224        SH:  0    Dex:  7    Spells: 9/9 levels left

rFire   x . .      SeeInvis .    r - +4 spear (venom)
rCold   + . .      Faith    .    (no shield)
rNeg    + + +      Spirit   .    E - +4 plate armour
rPois   +          Reflect  .    (no helmet)
rElec   .          Rampage  .    (no cloak)
rCorr   .                        (no gloves)
Will    .....                    (no boots) Stlth
                                 (no amulet)
HPRegen 0.35/turn                j - ring "Tocuffocw" {Ice rPois rN+++ Int-3 Dex-3}
MPRegen 0.15/turn                (no ring)

@: glowing
A: no striking features
a: Renounce Religion, Divine Shield, Cleansing Flame


You were on level 1 of the Lair of Beasts.
You worshipped the Shining One.
The Shining One was most pleased with you.
You visited 3 branches of the dungeon, and saw 11 of its levels.

You collected 541 gold pieces.
You donated 317 gold pieces to Zin.

Inventory:

Hand Weapons
 a - a +0 war axe of protection
 g - the +7 dagger of the Assorted Cities {freeze, *Corrode rElec Will++}
   (You found it on level 5 of the Dungeon)

   rElec:     It insulates you from electricity.
   *Corrode:  It may corrode you when you take damage.
   Will:      It greatly increases your willpower.
 r - a +4 spear of venom (weapon)
 C - a +0 battleaxe
Armour
 b - a +1 scale mail
 c - a +0 buckler
 u - the +3 leather armour of the Filigreed God {Harm}
   (You found it on level 3 of the Dungeon)

   Harm:      It increases damage dealt and taken.
 E - a +4 plate armour (worn)
Jewellery
 j - the ring "Tocuffocw" (left hand) {Ice rPois rN+++ Int-3 Dex-3}
   (You acquired it on level 5 of the Dungeon)

   [ring of ice]

   It enhances your ice magic.
   Int:       It affects your intelligence (-3).
   Dex:       It affects your dexterity (-3).
   rF:        It makes you vulnerable to fire.
   rC:        It protects you from cold.
   rPois:     It protects you from poison.
   rN:        It renders you almost immune to negative energy.
 F - an amulet of magic regeneration
Wands
 n - a wand of iceblast (12)
 y - a wand of light (4)
 I - a wand of charming (4)
Scrolls
 f - 3 scrolls of blinking
 h - 6 scrolls of vulnerability
 i - 2 scrolls of enchant armour
 m - 8 scrolls of identify
 p - 3 scrolls of magic mapping
 q - a scroll of immolation
 t - 3 scrolls of teleportation
 A - 2 scrolls of noise {unknown}
 G - a scroll of silence {unknown}
Potions
 d - a potion of cancellation {unknown}
 e - 4 potions of mutation {unknown}
 k - 3 potions of haste {unknown}
 l - 5 potions of curing {unknown}
 o - 2 potions of degeneration {unknown}
 s - 3 potions of lignification {unknown}
 v - a potion of magic {unknown}
 w - 3 potions of heal wounds {unknown}
 x - 3 potions of ambrosia {unknown}
 z - a potion of brilliance {unknown}
 B - a potion of flight {unknown}
 D - a potion of might
 H - a potion of attraction {unknown}


   Skills:
 + Level 9.4 Fighting
 * Level 13.5 Axes
 + Level 8.6 Armour
 - Level 3.2 Shields
 + Level 9.4 Invocations


You had 9 spell levels left.
You didn't know any spells.
Your spell library contained the following spells:

 Spells                   Type           Power      Damage    Failure   Level
 Sting                    Tmut/Pois      0%         1d3       100%        1
 Poisonous Vapours        Pois/Air       0%         N/A       100%        2
 Sublimation of Blood     Necr           0%         N/A       100%        2
 Wereblood                Tmut           0%         N/A       100%        2
 Inner Flame              Hex/Fire       0%         N/A       100%        3
 Flame Wave               Conj/Fire      0%         2d4       100%        4
 Olgreb's Toxic Radiance  Pois           0%         N/A       100%        4
 Sticky Flame             Conj/Fire      0%         2d3       100%        4
 Summon Hydra             Summ           0%         N/A       100%        7


Dungeon Overview and Level Annotations

Branches:
Dungeon (9/15)             Temple (1/1) D:6            Lair (1/5) D:8
    Orc: D:9-12

Altars:
Ashenzari
Cheibriados
Dithmenos
Elyvilon
Fedhas
Gozag
Hepliaklqana
Kikubaaqudgha
Makhleb
Nemelex Xobeh
Okawaru
Qazlal
Ru
Sif Muna
Trog
Uskayaw
Vehumet
Wu Jian
Xom
Yredelemnul
Zin
The Shining One

Shops:
D:6 *

Annotations:
D:5 Caterwaul's ghost, novice HuMo


Message History

You hold your ground!
The elephant closely misses you. The elephant barely misses you.
The elephant trunk-slaps you but does no damage.
The elephant attacks as you move away! The elephant barely misses you.
The elephant trunk-slaps you.
* * * LOW HITPOINT WARNING * * *
The elephant attacks as you move away!
The elephant tramples you but does no damage.
The elephant trunk-slaps you but does no damage.
The elephant attacks as you move away! The elephant tramples you.
* * * LOW HITPOINT WARNING * * *
The elephant completely misses you.
You kill the elephant!
You hit the elephant.
The elephant looks as sick as possible!
The elephant is almost dead.
You kill the elephant!
The elephant tramples you but does no damage.
The elephant closely misses you.
You puncture the elephant!
The elephant is lightly wounded.
The elephant tramples you but does no damage.
The elephant trunk-slaps you but does no damage.
You hit the elephant.
The elephant is poisoned.
The elephant is moderately wounded.
You hit the elephant but do no damage.
The elephant looks as sick as possible!
The elephant is moderately wounded.
The elephant barely misses you.
The elephant trunk-slaps you but does no damage.
You puncture the elephant!
The elephant looks as sick as possible!
The elephant is moderately wounded.
The elephant tramples you!
* * * LOW HITPOINT WARNING * * *
You stumble backwards!
The elephant attacks as you move away! The elephant tramples you!
The Shining One protects you from harm!
The elephant trunk-slaps you but does no damage.
You hit the elephant.
The elephant looks as sick as possible!
The elephant is heavily wounded.
The elephant tramples you!
You die...

......#............#
......#.......#....# ##
......#.......#....##.
.#....+.......#....#P ..
......#....[........ #......
.#............#....# .......
.#....#............# ##......
......#............#### P......
.#....#.......#.@..#P.#####....>.
#.....#.......#..Y...............
......##.####.#..................
.................................
.......................†.........
.......####.###..................
##.....#.........................
##...(.+...........###...#......#
.#.....#......+...#......#......#


You could see an elephant (extremely poisoned).

Vanquished Creatures
  A two-headed ogre (D:8)
  Pikel (D:7)
  3 elephants (Lair:1)
  A cane toad (Lair:1)
  A komodo dragon (Lair:1)
  A hornet (D:8)
  A yak (D:9)
  A basilisk (Lair:1)
  Menkaure (D:7)
  A water moccasin (D:7)
  Duvessa (D:4)
  3 orc warriors
  5 ice beasts
  A black bear (D:3)
  A sky beast (D:6)
  2 ogres
  6 centaurs
  2 phantoms
  A lemure (D:7)
  Blork the orc (D:6)
  6 bullfrogs
  A gnoll sergeant (D:5)
  A scorpion (D:5)
  Dowan (D:4)
  3 howler monkeys
  4 orc priests (D:8)
  2 jellies
  2 iguanas
  Jessica (D:3)
  4 orc wizards
  Robin (D:1)
  6 adders
  5 gnolls
  A shadow imp (D:6)
  A white imp (D:8)
  2 ufetubi (D:5)
  2 worms
  4 dart slugs
  27 orcs
  10 bats
  10 endoplasms
  5 giant cockroaches
  12 goblins
  5 hobgoblins
  3 jackals (D:2)
  6 quokkas
  5 ball pythons
  8 frilled lizards
  3 kobolds
  9 rats
185 creatures vanquished.

Notes
Turn   | Place    | Note
-------+----------+-------------------------------------------
     0 | D:1      | Nithhogg the Hill Orc Fighter began the quest for the Orb.
     0 | D:1      | Reached XP level 1. HP: 19/19 MP: 1/1
   146 | D:1      | Reached skill level 3 in Axes
   214 | D:1      | Reached XP level 2. HP: 24/27 MP: 2/2
   309 | D:1      | Reached skill level 1 in Invocations
   489 | D:1      | Found a faded altar of an unknown god.
   797 | D:1      | Reached XP level 3. HP: 33/33 MP: 3/3
   898 | D:2      | Noticed Robin
   905 | D:1      | Killed Robin
  1040 | D:2      | Reached skill level 4 in Axes
  1090 | D:2      | Found a glowing silver altar of Zin.
  1117 | D:2      | Reached XP level 4. HP: 40/40 MP: 5/5
  1124 | D:2      | Became a worshipper of Zin the Law-Giver
  1543 | D:2      | Reached * piety under Zin
  1860 | D:3      | Reached ** piety under Zin
  1901 | D:3      | Reached XP level 5. HP: 45/47 MP: 6/6
  1987 | D:3      | Identified the +3 leather armour of the Filigreed God
                  | {Harm}
  2102 | D:3      | Noticed a phantom
  2126 | D:3      | Killed a phantom
  2127 | D:3      | Reached skill level 5 in Axes
  2261 | D:3      | Donated 89 gold pieces to Zin
  2297 | D:3      | Noticed a black bear
  2301 | D:3      | Noticed Jessica
  2311 | D:3      | Killed a black bear
  2312 | D:3      | Reached XP level 6. HP: 27/55 MP: 8/8
  2317 | D:3      | Killed Jessica
  2549 | D:4      | Reached *** piety under Zin
  2585 | D:4      | Donated 64 gold pieces to Zin
  2597 | D:4      | Reached skill level 5 in Fighting
  2597 | D:4      | Reached skill level 6 in Axes
  2729 | D:4      | Reached XP level 7. HP: 34/61 MP: 9/9
  3491 | D:4      | Noticed Duvessa
  3491 | D:4      | Noticed Dowan
  3506 | D:4      | Killed Duvessa
  3506 | D:4      | Killed Dowan
  3507 | D:4      | Reached skill level 7 in Axes
  3507 | D:4      | Reached skill level 5 in Armour
  3588 | D:4      | Donated 55 gold pieces to Zin
  3614 | D:5      | Entered Level 5 of the Dungeon
  3614 | D:5      | Noticed Caterwaul's ghost (novice HuMo)
  3622 | D:5      | Noticed a kobold demonologist
  3623 | D:5      | Found a transporter.
  3626 | D:5      | Found a transporter.
  3704 | D:5      | Identified the +7 dagger of the Assorted Cities {freeze,
                  | *Corrode rElec Will++}
  3736 | D:5      | Reached **** piety under Zin
  3784 | D:5      | Identified a scroll of acquirement
  3784 | D:5      | Acquired the ring "Tocuffocw" {Ice rPois rN+++ Int-3 Dex-3}
  3805 | D:5      | Noticed a smoke demon
  4317 | D:5      | Reached XP level 8. HP: 67/70 MP: 11/11
  4732 | D:6      | Noticed Blork the orc
  4739 | D:6      | Killed Blork the orc
  4740 | D:6      | Reached skill level 8 in Axes
  4740 | D:6      | Reached skill level 5 in Invocations
  5164 | D:5      | Reached skill level 9 in Axes
  5444 | D:6      | Found a staircase to the Ecumenical Temple.
  5629 | D:5      | Donated 71 gold pieces to Zin
  5669 | Temple   | Entered the Ecumenical Temple
  5919 | Temple   | Fell from the grace of Zin
  5919 | Temple   | Became a worshipper of the Shining One
  5919 | Temple   | Reached * piety under the Shining One
  5919 | Temple   | Reached ** piety under the Shining One
  6150 | D:6      | Found Ugour's CLEARANCE SALE!.
  6275 | D:6      | Reached XP level 9. HP: 75/78 MP: 13/13
  6495 | D:7      | Noticed Pikel
  6512 | D:7      | Reached skill level 10 in Axes
  6522 | D:7      | Killed Pikel
  6823 | D:7      | Found a glowing silver altar of Zin.
  7045 | D:7      | Reached skill level 11 in Axes
  7222 | D:7      | Noticed Menkaure
  7229 | D:7      | Killed Menkaure
  7560 | D:8      | Found a staircase to the Lair.
  7646 | D:8      | Reached XP level 10. HP: 74/88 MP: 14/16
  7911 | D:8      | Reached skill level 12 in Axes
  8001 | D:8      | Reached *** piety under the Shining One
  8069 | D:8      | Noticed a two-headed ogre
  8080 | D:8      | Killed a two-headed ogre
  8926 | Lair:1   | Entered Level 1 of the Lair of Beasts
  9049 | Lair:1   | Noticed a cane toad
  9069 | Lair:1   | Killed a cane toad
  9249 | Lair:1   | Reached skill level 13 in Axes
  9288 | Lair:1   | Noticed an elephant
  9289 | Lair:1   | Noticed an elephant
  9289 | Lair:1   | Noticed an elephant
  9290 | Lair:1   | Noticed an elephant
  9313 | Lair:1   | Killed an elephant
  9333 | Lair:1   | Killed an elephant
  9334 | Lair:1   | Killed an elephant
  9340 | Lair:1   | The Shining One protects you from harm!
  9342 | Lair:1   | Slain by an elephant

Illustrated notes

Levels and vault maps discovered:
D:1:      dpeg_arrival_boxes_within_box, layout_loops_cross,
          hellmonk_ecumenical_altar_leap_of_faith
D:2:      layout_loops_cross, basic_altar, uniq_robin
D:3:      layout_loops_ring, minmay_joined_circles, uniq_jessica
D:4:      layout_loops_ring, due_unseen_surprise, uniq_duvessa
D:5:      layout_basic, gammafunk_ghost_arena, serial_curves, eino_curves_02,
          eino_curves_03
D:6:      layout_cave_pools, minmay_temple_entry_water_ring,
          hellmonk_bongcloud_opening, nicolae_shop_clearance, uniq_blork_the_orc
D:7:      layout_basic, lemuel_crystal_altar, feat_on_display, uniq_menkaure,
          uniq_pikel
D:8:      layout_gridville, dpeg_oklobed_lair, serial_glass, glass_columns_b,
          glass_columns_a
D:9:      layout_grid_maze, erik_orc_3, chequers_serial_rivers_micro_b
Temple:   kilobyte_greek_temple
Lair:1:   layout_regular_city

Skill      XL: |  1  2  3  4  5  6  7  8  9 10 |
---------------+-------------------------------+-----
Axes           | 3 4 5 6 7 9 11 13 | 13.5
Invocations    | 1 2 3 4 6 8 9 |  9.4
Fighting       | 4 5 6 8 9 |  9.4
Armour         | 4 5 6 7 8 |  8.6
Shields        | |  3.2

Action                     |  1- 3 |  4- 6 |  7- 9 | 10-12 || total
---------------------------+-------+-------+-------+-------++-------
  Melee: War axe           |    79 |    52 |       |       ||   131
         Punch             |     1 |     1 |     2 |     4 ||     8
         Spear             |       |    76 |   334 |   127 ||   537
 Invoke: Donate Gold       |       |     2 |     2 |       ||     4
         Recite            |       |       |     1 |       ||     1
    Use: Potion            |     1 |       |       |       ||     1
         Scroll            |       |       |    12 |     1 ||    13
 Armour: Scale mail        |    58 |    66 |   101 |       ||   225
         Plate armour      |       |       |    52 |    99 ||   151
  Dodge: Dodged            |    51 |    55 |   154 |    43 ||   303

Table legend: (Time is in decaauts)
 A = Elapsed time spent in this place.
 B = Non-inter-level travel time spent in this place.
 C = Inter-level travel time spent in this place.
 D = Time resting spent in this place.
 E = Time spent auto-exploring this place.
 F = Levels seen in this place.
 G = Mean time per level.
                   A        B        C        D        E       F      G
               +--------+--------+--------+--------+--------+-----+--------+
         Total |   9317 |   8933 |    384 |   1239 |   6155 |  11 |  847.0 |
       Dungeon |   8623 |   8280 |    343 |   1239 |   5636 |   9 |  958.1 |
        Temple |    292 |    251 |     41 |      0 |    235 |   1 |  292.0 |
          Lair |    400 |    400 |      0 |      0 |    284 |   1 |  400.0 |
               +--------+--------+--------+--------+--------+-----+--------+

Top non-repeatable levels by time:
     D:5: 1715 daAuts
     D:8: 1327 daAuts
     D:4: 1078 daAuts
     D:1: 1048 daAuts
     D:6: 1029 daAuts
     D:7: 896 daAuts
     D:3: 831 daAuts
     D:2: 690 daAuts
  Lair:1: 400 daAuts
  Temple: 292 daAuts
     D:9: 5 daAuts
